Tampa Bay Lightning vs Washington Capitals (R1)

Created - Saturday, February 14, 2026 at 09:09

Goals
1 2 3 T
Tampa Bay Lightning 0 1 2 3
Washington Capitals 0 0 1 1
Shots
1 2 3 T
Tampa Bay Lightning 6 8 13 27
Washington Capitals 10 3 17 30

1st period

No Goal

Penalties :
Dylan Cozens (TBL) for Roughing (Minor) at 1:59, Nikita Zadorov (WSH) for Roughing (Minor) at 15:04, Vincent Desharnais (TBL) for High sticking (Minor) at 19:53

2nd period

1. Tampa Bay Lightning , Jamie Benn 5 (Claude Giroux 11, Kirill Kaprizov 10) at 7:43

Penalties :
Nick Foligno (WSH) for Tripping (Minor) at 4:23, Ben Chiarot (TBL) for Hooking (Minor) at 9:25, Tom Wilson (WSH) for Fighting (Major) at 17:42, Darnell Nurse (TBL) for Fighting (Major) at 17:42, Darnell Nurse (TBL) for instigated a fight (Minor) at 17:42, Darnell Nurse (TBL) for instigated a fight (10 Minutes Misconduct) at 17:42

3rd period

2. Tampa Bay Lightning , Hampus Lindholm 1 (Ben Chiarot 8) at 3:58 (PP)
3. Tampa Bay Lightning , Claude Giroux 9 (Michael Matheson 11, Moritz Seider 9) at 12:15 (PP)
4. Washington Capitals , Lars Eller 2 (Drake Batherson 8, Tyler Myers 6) at 15:39

Penalties :
Tyler Myers (WSH) for Hooking (Minor) at 3:46, John Carlson (WSH) for Hooking (Minor) at 5:52, Marco Rossi (WSH) for Fighting (Major) at 8:25, Vincent Desharnais (TBL) for Fighting (Major) at 8:25, Stefan Noesen (WSH) for Cross-checking (Minor) at 12:00, Tyler Myers (WSH) for Slashing (Minor) at 13:30

Goalie Stats

Darcy Kuemper (TBL), 29 saves from 30 shots - (0.967), W, 16-4-1, 60:00 minutes
Jake Oettinger (WSH), 24 saves from 27 shots - (0.889), L, 7-10-3, 60:00 minutes

Players Stats for Tampa Bay Lightning

Player Name              G  A  P  +/- PIM S  H  SB GA TA FO     MP     PP MP  PK MP  
------------------------------------------------------------------------------------
Anze Kopitar             0  0  0   0  0   3  1  0  1  0  10/20  18:55   3:59   3:52 
Ben Chiarot              0  1  1   0  2   0  2  1  0  1  0/0    22:55   4:07   3:01 
Claude Giroux            1  1  2   1  0   4  3  0  1  1  0/0    20:44   4:09   3:38 
Darnell Nurse            0  0  0   0  17  1  3  1  0  0  0/0    16:56   2:59   2:59 
Dylan Cozens             0  0  0   0  2   2  3  0  0  0  1/1    12:07   0:04   0:00 
Filip Forsberg           0  0  0   0  0   2  1  0  0  0  0/1    15:54   4:09   0:00 
Hampus Lindholm          1  0  1   0  0   1  2  1  0  1  0/0    18:51   1:03   3:44 
Jamie Benn               1  0  1   1  0   1  1  0  0  0  9/17   16:38   0:00   3:52 
Jason Dickinson          0  0  0  -1  0   0  1  0  0  0  1/3     7:53   0:00   0:26 
Jonathan Huberdeau       0  0  0   0  0   1  2  0  0  0  1/2    15:04   4:05   0:00 
Justin Brazeau           0  0  0  -1  0   3  0  0  0  0  0/1     8:00   0:19   0:00 
Kirill Kaprizov          0  1  1   1  0   6  2  1  1  0  1/1    13:58   0:00   0:26 
Michael Matheson         0  1  1   0  0   1  0  0  1  0  0/0    21:45   4:31   0:58 
Moritz Seider            0  1  1   0  0   0  4  1  0  1  0/0    28:10   4:02   3:32 
Roope Hintz              0  0  0   0  0   0  2  1  2  0  7/11   16:02   4:10   0:00 
Travis Konecny           0  0  0   0  0   1  2  0  0  0  0/0    15:16   4:14   0:00 
Trevor Moore             0  0  0  -1  0   1  1  1  0  0  0/0    11:00   0:00   3:38 
Vincent Desharnais       0  0  0   0  7   0  1  1  0  0  0/0    11:51   0:04   1:38 

Players Stats for Washington Capitals

Player Name              G  A  P  +/- PIM S  H  SB GA TA FO     MP     PP MP  PK MP  
------------------------------------------------------------------------------------
Alex Ovechkin            0  0  0   0  0   2  4  0  0  0  0/0    15:32   3:56   0:00 
Drake Batherson          0  1  1   0  0   1  3  0  0  0  0/0    11:25   3:24   0:00 
Frederick Gaudreau       0  0  0   0  0   3  1  0  1  1  2/3    16:48   0:33   4:16 
Ian Cole                 0  0  0   0  0   0  0  0  0  1  0/0    19:54   0:00   4:09 
Jamie Oleksiak           0  0  0   1  0   1  0  2  0  2  0/0    20:18   0:00   4:14 
Jason Robertson          0  0  0   0  0   2  0  0  0  0  1/1    15:48   4:01   0:00 
John Carlson             0  0  0   0  2   1  2  2  0  0  0/0    22:59   4:01   2:47 
Lars Eller               1  0  1   0  0   2  0  1  0  0  0/4     9:39   0:23   0:22 
Marco Rossi              0  0  0   0  5   3  0  0  0  0  5/11   13:57   3:55   0:00 
Nick Foligno             0  0  0   0  2   2  4  1  1  0  0/1    18:34   3:53   3:04 
Nick Jensen              0  0  0  -1  0   0  0  2  0  0  0/0    13:44   0:37   1:42 
Nikita Zadorov           0  0  0   0  2   0  1  1  0  0  0/0    12:23   0:00   0:29 
Sean Kuraly              0  0  0   0  0   1  2  0  0  0  4/4    12:35   0:00   1:02 
Shane Pinto              0  0  0   0  0   1  0  0  1  1  9/18   19:37   4:07   4:01 
Stefan Noesen            0  0  0   0  2   5  2  1  0  0  0/1    13:24   0:57   0:00 
Tom Wilson               0  0  0   0  5   3  2  1  1  0  0/1    17:25   2:58   4:01 
Tomas Hertl              0  0  0   0  0   2  0  0  0  0  6/13   14:57   3:37   0:00 
Tyler Myers              0  1  1   0  4   1  0  0  0  1  0/0    22:30   3:18   3:25 

3 Stars

1 - Claude Giroux (TBL)
2 - Darcy Kuemper (TBL)
3 - Jamie Benn (TBL)

Power Play

Tampa Bay Lightning - 2 on 6 Attempt(s) - 33.33%
Washington Capitals - 0 on 4 Attempt(s) - 0.00%

Penalty Kill

Tampa Bay Lightning - 4 on 4 Attempt(s) - 100.00% - Score 0 goal in Penalty Kill
Washington Capitals - 4 on 6 Attempt(s) - 66.67% - Score 0 goal in Penalty Kill

Team Stat

Tampa Bay Lightning - Hits : 31 - Faceoff Wins : 30 - Blocked Shots : 8 - Penalty Minutes : 28
Washington Capitals - Hits : 21 - Faceoff Wins : 27 - Blocked Shots : 11 - Penalty Minutes : 22

Official

Referees : Corey Syvret and Carter Sandlak
Linesman : CJ Murray and Julien Fournier

Game Notes

9:07 of 2nd period - Tampa Bay Lightning goal is going for a video replay. After video review, No Goal. The referee deems the play has been stopped, even if he had not physically had the opportunity to stop play by blowing his whistle.
Tom Wilson and Darnell Nurse fight to a draw at 17:42 of 2nd period
Marco Rossi and Vincent Desharnais fight to a draw at 8:25 of 3rd period

Finance

Level 1 -- Attendance: 5552 (92.53%) -- Ticket Income $527,440
Level 2 -- Attendance: 4658 (93.16%) -- Ticket Income $242,216
Level 3 -- Attendance: 2452 (81.73%) -- Ticket Income $85,820
Level 4 -- Attendance: 4600 (92.00%) -- Ticket Income $101,200
Luxury Box -- Attendance: 912 (91.20%) -- Ticket Income $173,280
Game was played at the Verizon Center.
Total Attendance: 18174 (90.87%)
Total Ticket Income: $1,129,956
Other Income: $395,485
Total Income: $1,525,441

Tampa Bay Lightning

5 vs 5 Forward 
   Center                   Left Wing                Right Wing               Time % Phy DF OF 
 1 Roope Hintz              Filip Forsberg           Dylan Cozens             30     1   2  2  
 2 Anze Kopitar             Jonathan Huberdeau       Travis Konecny           30     1   2  2  
 3 Jamie Benn               Kirill Kaprizov          Claude Giroux            30     1   2  2  
 4 Jason Dickinson          Trevor Moore             Justin Brazeau           10     1   2  2  

5 vs 5 Defense 
   Defense                  Defense                                           Time % Phy DF OF 
 1 Michael Matheson         Darnell Nurse                                     40     1   2  2  
 2 Moritz Seider            Ben Chiarot                                       40     1   2  2  
 3 Hampus Lindholm          Vincent Desharnais                                20     1   2  2  
 4 Moritz Seider            Michael Matheson                                  0      1   2  2  

PowerPlay Forward 
   Center                   Left Wing                Right Wing               Time % Phy DF OF 
 1 Roope Hintz              Jonathan Huberdeau       Travis Konecny           50     1   2  2  
 2 Anze Kopitar             Filip Forsberg           Claude Giroux            50     1   2  2  

PowerPlay Defense
   Defense                  Defense                                           Time % Phy DF OF 
 1 Moritz Seider            Michael Matheson                                  50     1   2  2  
 2 Darnell Nurse            Ben Chiarot                                       50     1   2  2  

Penalty Kill 4 Players Forward 
   Center                   Wing                     Time % Phy DF OF 
 1 Anze Kopitar             Jamie Benn               50     1   2  2  
 2 Claude Giroux            Trevor Moore             50     1   2  2  

Penalty Kill 4 Players Defense
   Defense                  Defense                  Time % Phy DF OF 
 1 Moritz Seider            Hampus Lindholm          50     1   2  2  
 2 Darnell Nurse            Ben Chiarot              50     1   2  2  

Penalty Kill - 3 Players Forward 
   Forward                                           Time % Phy DF OF 
 1 Claude Giroux                                     50     1   2  2  
 2 Jason Dickinson                                   50     1   2  2  

Penalty Kill - 3 Players Defense
   Defense                  Defense                  Time % Phy DF OF 
 1 Moritz Seider            Hampus Lindholm          50     1   2  2  
 2 Darnell Nurse            Ben Chiarot              50     1   2  2  

4 vs 4 Forward 
   Center                   Wing                     Time % Phy DF OF 
 1 Anze Kopitar             Claude Giroux            50     1   2  2  
 2 Roope Hintz              Filip Forsberg           50     1   2  2  

4 vs 4 Defense
   Defense                  Defense                  Time % Phy DF OF 
 1 Moritz Seider            Michael Matheson         50     1   2  2  
 2 Darnell Nurse            Ben Chiarot              50     1   2  2  

Last Minutes Offensive
   Center                   Left Wing                Right Wing               Defense                  Defense                  
   Roope Hintz              Filip Forsberg           Claude Giroux            Moritz Seider            Michael Matheson         

Last Minutes Defensive
   Center                   Left Wing                Right Wing               Defense                  Defense                  
   Claude Giroux            Trevor Moore             Jason Dickinson          Moritz Seider            Michael Matheson         

Goaltenders
Starting : Darcy Kuemper            
Backup : Jeremy Swayman           

Extra Forwards
Normal : Justin Brazeau, Claude Giroux, Jonathan Huberdeau - PP : Justin Brazeau, Dylan Cozens - PK : Jason Dickinson
Extra Defensemen
Normal : Darnell Nurse, Moritz Seider, Hampus Lindholm - PP : Hampus Lindholm - PK : Vincent Desharnais, Hampus Lindholm
Penalty Shots
Trevor Moore, Anze Kopitar, Filip Forsberg, Jamie Benn, Jonathan Huberdeau

Scratches
None

Washington Capitals

5 vs 5 Forward 
   Center                   Left Wing                Right Wing               Time % Phy DF OF 
 1 Tomas Hertl              Jason Robertson          Nick Foligno             30     0   3  2  
 2 Shane Pinto              Alex Ovechkin            Tom Wilson               29     0   2  3  
 3 Marco Rossi              Frederick Gaudreau       Stefan Noesen            28     0   2  3  
 4 Lars Eller               Sean Kuraly              Drake Batherson          13     1   2  2  

5 vs 5 Defense 
   Defense                  Defense                                           Time % Phy DF OF 
 1 John Carlson             Jamie Oleksiak                                    37     0   3  2  
 2 Tyler Myers              Ian Cole                                          34     0   3  2  
 3 Nikita Zadorov           Nick Jensen                                       29     1   3  1  
 4 Nikita Zadorov           Nick Jensen                                       0      1   2  2  

PowerPlay Forward 
   Center                   Left Wing                Right Wing               Time % Phy DF OF 
 1 Tomas Hertl              Drake Batherson          Nick Foligno             50     0   1  4  
 2 Shane Pinto              Alex Ovechkin            Tom Wilson               50     0   1  4  

PowerPlay Defense
   Defense                  Defense                                           Time % Phy DF OF 
 1 John Carlson             Jason Robertson                                   50     0   2  3  
 2 Tyler Myers              Marco Rossi                                       50     0   2  3  

Penalty Kill 4 Players Forward 
   Center                   Wing                     Time % Phy DF OF 
 1 Frederick Gaudreau       Nick Foligno             50     0   4  1  
 2 Shane Pinto              Tom Wilson               50     0   4  1  

Penalty Kill 4 Players Defense
   Defense                  Defense                  Time % Phy DF OF 
 1 John Carlson             Jamie Oleksiak           50     1   4  0  
 2 Tyler Myers              Ian Cole                 50     1   4  0  

Penalty Kill - 3 Players Forward 
   Forward                                           Time % Phy DF OF 
 1 Frederick Gaudreau                                50     0   5  0  
 2 Shane Pinto                                       50     1   2  2  

Penalty Kill - 3 Players Defense
   Defense                  Defense                  Time % Phy DF OF 
 1 John Carlson             Nikita Zadorov           50     1   4  0  
 2 Tyler Myers              Ian Cole                 50     1   4  0  

4 vs 4 Forward 
   Center                   Wing                     Time % Phy DF OF 
 1 Tomas Hertl              Jason Robertson          50     1   1  3  
 2 Shane Pinto              Alex Ovechkin            50     1   1  3  

4 vs 4 Defense
   Defense                  Defense                  Time % Phy DF OF 
 1 John Carlson             Jamie Oleksiak           50     1   2  2  
 2 Tyler Myers              Nick Jensen              50     1   2  2  

Last Minutes Offensive
   Center                   Left Wing                Right Wing               Defense                  Defense                  
   Tomas Hertl              Alex Ovechkin            Tom Wilson               John Carlson             Jason Robertson          

Last Minutes Defensive
   Center                   Left Wing                Right Wing               Defense                  Defense                  
   Shane Pinto              Frederick Gaudreau       Nick Foligno             Ian Cole                 Jamie Oleksiak           

Goaltenders
Starting : Jake Oettinger           
Backup : Casey DeSmith            

Extra Forwards
Normal : Sean Kuraly, Lars Eller, Stefan Noesen - PP : Stefan Noesen, Frederick Gaudreau - PK : Sean Kuraly
Extra Defensemen
Normal : Nikita Zadorov, Nick Jensen, Ian Cole - PP : Nick Jensen - PK : Nick Jensen, Nikita Zadorov
Penalty Shots
Jason Robertson, Frederick Gaudreau, Lars Eller, Alex Ovechkin, Drake Batherson

Scratches
Noah Warren (Healthy), Fabian Zetterlund (Healthy)

% Time on Ice - Tampa Bay Lightning

Lines # - Real PCT - Wanted PCT - Time Play
Normal Forward
1 - 27% - 30% - 11:55
2 - 27% - 30% - 11:55
3 - 29% - 30% - 12:46
4 - 16% - 10% - 7:05
Normal Defense
1 - 38% - 40% - 16:32
2 - 38% - 40% - 16:47
3 - 21% - 20% - 9:19
4 - 2% - 0% - 1:03
PP Forward
1 - 50% - 50% - 4:14
2 - 50% - 50% - 4:09
PP Defense
1 - 47% - 50% - 3:58
2 - 53% - 50% - 4:25
PK Forward
1 - 49% - 50% - 3:52
2 - 51% - 50% - 4:04
PK Defense
1 - 45% - 50% - 3:32
2 - 55% - 50% - 4:24
PK3 Forward
1 - 0% - 50%
2 - 0% - 50%
PK3 Defense
1 - 0% - 50%
2 - 0% - 50%
44 Forward
1 - 0% - 50%
2 - 0% - 50%
44 Defense
1 - 0% - 50%
2 - 0% - 50%
Last Minute Offensive  - 0:00
Last Minute Defensive  - 0:00
Total
Forward - 60:00
Defense - 60:00

% Time on Ice - Washington Capitals

Lines # - Real PCT - Wanted PCT - Time Play
Normal Forward
1 - 27% - 30% - 11:39
2 - 27% - 29% - 11:46
3 - 27% - 28% - 11:37
4 - 20% - 13% - 8:39
Normal Defense
1 - 37% - 37% - 16:21
2 - 36% - 34% - 15:55
3 - 26% - 29% - 11:25
4 - 0% - 0% - 0:00
PP Forward
1 - 46% - 50% - 3:37
2 - 54% - 50% - 4:19
PP Defense
1 - 51% - 50% - 4:01
2 - 49% - 50% - 3:55
PK Forward
1 - 51% - 50% - 4:17
2 - 49% - 50% - 4:06
PK Defense
1 - 47% - 50% - 3:57
2 - 53% - 50% - 4:26
PK3 Forward
1 - 0% - 50%
2 - 0% - 50%
PK3 Defense
1 - 0% - 50%
2 - 0% - 50%
44 Forward
1 - 0% - 50%
2 - 0% - 50%
44 Defense
1 - 0% - 50%
2 - 0% - 50%
Last Minute Offensive  - 0:00
Last Minute Defensive  - 0:00
Total
Forward - 60:00
Defense - 60:00

Play-by-Play

1st period


0:01 of 1st period - Tomas Hertl wins face-off versus Roope Hintz in neutral zone.
0:26 of 1st period - Michael Matheson is hit by Alex Ovechkin and loses puck.
0:33 of 1st period - Backhand shot by Tom Wilson.
0:33 of 1st period - Shot Misses the Net.
0:35 of 1st period - Slapshot by Tyler Myers.
0:35 of 1st period - Stopped by Darcy Kuemper without a rebound.
0:36 of 1st period - Marco Rossi wins face-off versus Jamie Benn in Tampa Bay Lightning zone.
1:09 of 1st period - Icing by Drake Batherson.
1:10 of 1st period - Anze Kopitar wins face-off versus Lars Eller in Washington Capitals zone.
1:13 of 1st period - Slapshot by Travis Konecny.
1:13 of 1st period - Stopped by Jake Oettinger without a rebound.
1:14 of 1st period - Shane Pinto wins face-off versus Anze Kopitar in Washington Capitals zone.
1:45 of 1st period - Wrist shot by Marco Rossi.
1:45 of 1st period - Shot Blocked by Vincent Desharnais.
1:51 of 1st period - Snap shot by Stefan Noesen.
1:51 of 1st period - Shot Hit the Post.
1:53 of 1st period - Slapshot by Stefan Noesen.
1:53 of 1st period - Shot Misses the Net.
1:59 of 1st period - Minor Penalty to Dylan Cozens for Roughing.
2:00 of 1st period - Anze Kopitar wins face-off versus Tomas Hertl in Tampa Bay Lightning zone.
2:00 of 1st period - Anze Kopitar is hit by Nick Foligno.
3:54 of 1st period - Shane Pinto is hit by Moritz Seider and loses puck.
3:59 of 1st period - Penalty to Dylan Cozens is over, Dylan Cozens is back on ice.
4:15 of 1st period - Nikita Zadorov is hit by Darnell Nurse and loses puck.
5:44 of 1st period - Tom Wilson is hit by Kirill Kaprizov and loses puck.
5:55 of 1st period - Snap shot by Tom Wilson.
5:55 of 1st period - Stopped by Darcy Kuemper with a rebound.
6:01 of 1st period - Shane Pinto is hit by Hampus Lindholm and loses puck.
6:25 of 1st period - Stefan Noesen is hit by Darnell Nurse and loses puck.
7:11 of 1st period - Justin Brazeau is hit by Sean Kuraly and loses puck.
7:26 of 1st period - Backhand shot by Filip Forsberg.
7:26 of 1st period - Shot Blocked by Stefan Noesen.
7:28 of 1st period - Slapshot by Filip Forsberg.
7:28 of 1st period - Stopped by Jake Oettinger without a rebound.
7:29 of 1st period - Roope Hintz wins face-off versus Marco Rossi in Washington Capitals zone.
7:30 of 1st period - Snap shot by Filip Forsberg.
7:30 of 1st period - Shot Blocked by Jamie Oleksiak.
7:51 of 1st period - Wrist shot by Filip Forsberg.
7:51 of 1st period - Shot Misses the Net.
7:53 of 1st period - Snap shot by Ben Chiarot.
7:53 of 1st period - Shot Misses the Net.
7:55 of 1st period - Slapshot by Ben Chiarot.
7:55 of 1st period - Shot Misses the Net.
7:59 of 1st period - Slapshot by Roope Hintz.
7:59 of 1st period - Shot Blocked by John Carlson.
8:13 of 1st period - John Carlson is hit by Ben Chiarot and loses puck.
8:37 of 1st period - Wrist shot by Roope Hintz.
8:37 of 1st period - Shot Misses the Net.
8:45 of 1st period - Roope Hintz is hit by John Carlson.
8:50 of 1st period - Off-side.
8:51 of 1st period - Jamie Benn wins face-off versus Tomas Hertl in neutral zone.
8:56 of 1st period - Slapshot by Kirill Kaprizov.
8:56 of 1st period - Stopped by Jake Oettinger with a rebound.
9:04 of 1st period - Snap shot by Tomas Hertl.
9:04 of 1st period - Stopped by Darcy Kuemper without a rebound.
9:05 of 1st period - Anze Kopitar wins face-off versus Tomas Hertl in Tampa Bay Lightning zone.
9:32 of 1st period - Shane Pinto is hit by Claude Giroux and loses puck.
9:57 of 1st period - Wrist shot by Trevor Moore.
9:57 of 1st period - Shot Misses the Net.
9:59 of 1st period - Slapshot by Darnell Nurse.
9:59 of 1st period - Stopped by Jake Oettinger with a rebound.
10:44 of 1st period - Claude Giroux is hit by Tom Wilson and loses puck.
11:12 of 1st period - Wrist shot by Stefan Noesen.
11:12 of 1st period - Stopped by Darcy Kuemper without a rebound.
11:13 of 1st period - Marco Rossi wins face-off versus Jason Dickinson in Tampa Bay Lightning zone.
11:14 of 1st period - Snap shot by Stefan Noesen.
11:14 of 1st period - Stopped by Darcy Kuemper with a rebound.
11:16 of 1st period - Slapshot by Stefan Noesen.
11:16 of 1st period - Shot Misses the Net.
11:22 of 1st period - Snap shot by Stefan Noesen.
11:22 of 1st period - Shot Misses the Net.
11:47 of 1st period - Snap shot by Tom Wilson.
11:47 of 1st period - Deflect By Trevor Moore.
11:47 of 1st period - Stopped by Darcy Kuemper with a rebound.
11:49 of 1st period - Wrist shot by Tom Wilson.
11:49 of 1st period - Stopped by Darcy Kuemper without a rebound.
11:50 of 1st period - Jamie Benn wins face-off versus Tomas Hertl in Tampa Bay Lightning zone.
12:21 of 1st period - Anze Kopitar is hit by Alex Ovechkin and loses puck.
13:30 of 1st period - Snap shot by Nick Foligno.
13:30 of 1st period - Shot Misses the Net.
13:44 of 1st period - Snap shot by Tom Wilson.
13:44 of 1st period - Deflect By Shane Pinto.
13:44 of 1st period - Stopped by Darcy Kuemper with a rebound.
13:46 of 1st period - Slapshot by John Carlson.
13:46 of 1st period - Shot Misses the Net.
13:54 of 1st period - Wrist shot by Jonathan Huberdeau.
13:54 of 1st period - Stopped by Jake Oettinger with a rebound.
14:12 of 1st period - Backhand shot by Stefan Noesen.
14:12 of 1st period - Shot Misses the Net.
14:14 of 1st period - Slapshot by John Carlson.
14:14 of 1st period - Deflect By Stefan Noesen.
14:14 of 1st period - Stopped by Darcy Kuemper without a rebound.
14:15 of 1st period - Jamie Benn wins face-off versus Tomas Hertl in Tampa Bay Lightning zone.
14:20 of 1st period - Snap shot by Claude Giroux.
14:20 of 1st period - Shot Blocked by Nick Jensen.
14:22 of 1st period - Wrist shot by Jamie Benn.
14:22 of 1st period - Shot Blocked by Nick Foligno.
14:26 of 1st period - Snap shot by Kirill Kaprizov.
14:26 of 1st period - Stopped by Jake Oettinger with a rebound.
14:28 of 1st period - Slapshot by Darnell Nurse.
14:28 of 1st period - Shot Blocked by Nick Jensen.
14:30 of 1st period - Slapshot by Darnell Nurse.
14:30 of 1st period - Shot Misses the Net.
14:32 of 1st period - Slapshot by Michael Matheson.
14:32 of 1st period - Shot Misses the Net.
15:04 of 1st period - Minor Penalty to Nikita Zadorov for Roughing.
15:05 of 1st period - Jonathan Huberdeau wins face-off versus Frederick Gaudreau in Washington Capitals zone.
15:31 of 1st period - Tom Wilson is hit by Moritz Seider and loses puck.
17:04 of 1st period - Penalty to Nikita Zadorov is over, Nikita Zadorov is back on ice.
17:05 of 1st period - John Carlson is hit by Darnell Nurse and loses puck.
17:18 of 1st period - Wrist shot by Sean Kuraly.
17:18 of 1st period - Shot Misses the Net.
17:50 of 1st period - Michael Matheson is hit by Tom Wilson and loses puck.
18:45 of 1st period - Jonathan Huberdeau is hit by Nikita Zadorov and loses puck.
18:56 of 1st period - Slapshot by Jason Robertson.
18:56 of 1st period - Stopped by Darcy Kuemper without a rebound.
18:57 of 1st period - Tomas Hertl wins face-off versus Filip Forsberg in Tampa Bay Lightning zone.
19:02 of 1st period - Snap shot by Jason Robertson.
19:02 of 1st period - Shot Blocked by Roope Hintz.
19:08 of 1st period - John Carlson is hit by Dylan Cozens and loses puck.
19:53 of 1st period - Minor Penalty to Vincent Desharnais for High sticking.
19:54 of 1st period - Anze Kopitar wins face-off versus Tomas Hertl in Tampa Bay Lightning zone.
Goals for this period are 0 for Tampa Bay Lightning vs 0 for Washington Capitals.
Shots for this period are 6 for Tampa Bay Lightning vs 10 for Washington Capitals.

2nd period


0:01 of 2nd period - Shane Pinto wins face-off versus Jamie Benn in neutral zone.
0:58 of 2nd period - Darnell Nurse is hit by Drake Batherson and loses puck.
1:51 of 2nd period - Alex Ovechkin is hit by Jason Dickinson and loses puck.
1:53 of 2nd period - Penalty to Vincent Desharnais is over, Vincent Desharnais is back on ice.
2:04 of 2nd period - Slapshot by Justin Brazeau.
2:04 of 2nd period - Stopped by Jake Oettinger without a rebound.
2:05 of 2nd period - Dylan Cozens wins face-off versus Marco Rossi in Washington Capitals zone.
2:30 of 2nd period - Moritz Seider is hit by Sean Kuraly and loses puck.
2:35 of 2nd period - Snap shot by Drake Batherson.
2:35 of 2nd period - Stopped by Darcy Kuemper without a rebound.
2:36 of 2nd period - Kirill Kaprizov wins face-off versus Lars Eller in Tampa Bay Lightning zone.
2:47 of 2nd period - Snap shot by Kirill Kaprizov.
2:47 of 2nd period - Shot Blocked by Lars Eller.
3:05 of 2nd period - Hampus Lindholm is hit by Nick Foligno.
3:11 of 2nd period - Wrist shot by Anze Kopitar.
3:11 of 2nd period - Stopped by Jake Oettinger without a rebound.
3:12 of 2nd period - Roope Hintz wins face-off versus Shane Pinto in Washington Capitals zone.
3:39 of 2nd period - Tyler Myers is hit by Travis Konecny.
3:42 of 2nd period - Off-side.
3:43 of 2nd period - Anze Kopitar wins face-off versus Tomas Hertl in neutral zone.
3:45 of 2nd period - Off-side.
3:46 of 2nd period - Tomas Hertl wins face-off versus Anze Kopitar in neutral zone.
4:07 of 2nd period - Jonathan Huberdeau is hit by Nick Foligno and loses puck.
4:23 of 2nd period - Minor Penalty to Nick Foligno for Tripping.
4:24 of 2nd period - Anze Kopitar wins face-off versus Shane Pinto in Washington Capitals zone.
5:23 of 2nd period - Travis Konecny is hit by John Carlson and loses puck.
6:23 of 2nd period - Penalty to Nick Foligno is over, Nick Foligno is back on ice.
6:34 of 2nd period - Snap shot by Justin Brazeau.
6:34 of 2nd period - Stopped by Jake Oettinger without a rebound.
6:35 of 2nd period - Tomas Hertl wins face-off versus Justin Brazeau in Washington Capitals zone.
6:35 of 2nd period - Tomas Hertl is hit by Hampus Lindholm.
7:09 of 2nd period - Snap shot by Drake Batherson.
7:09 of 2nd period - Shot Misses the Net.
7:15 of 2nd period - Jamie Benn is hit by Drake Batherson and loses puck.
7:31 of 2nd period - Snap shot by Sean Kuraly.
7:31 of 2nd period - Shot Blocked by Kirill Kaprizov.
7:41 of 2nd period - Wrist shot by Claude Giroux.
7:41 of 2nd period - Shot Misses the Net.
7:43 of 2nd period - Slapshot by Jamie Benn.
7:43 of 2nd period - Goal by Jamie Benn - Tampa Bay Lightning : 1 - Washington Capitals : 0.
7:44 of 2nd period - Roope Hintz wins face-off versus Marco Rossi in neutral zone.
7:51 of 2nd period - Stefan Noesen is hit by Ben Chiarot and loses puck.
8:01 of 2nd period - Icing by Filip Forsberg.
8:02 of 2nd period - Roope Hintz wins face-off versus Shane Pinto in Tampa Bay Lightning zone.
8:16 of 2nd period - Backhand shot by Roope Hintz.
8:16 of 2nd period - Deflect By Filip Forsberg.
8:16 of 2nd period - Stopped by Jake Oettinger without a rebound.
8:17 of 2nd period - Jamie Benn wins face-off versus Marco Rossi in Washington Capitals zone.
9:01 of 2nd period - Slapshot by Kirill Kaprizov.
9:01 of 2nd period - Shot Misses the Net.
9:03 of 2nd period - Slapshot by Michael Matheson.
9:03 of 2nd period - Stopped by Jake Oettinger with a rebound.
9:05 of 2nd period - Slapshot by Jamie Benn.
9:05 of 2nd period - Shot Hit the Post.
9:07 of 2nd period - Snap shot by Claude Giroux.
9:07 of 2nd period - Tampa Bay Lightning goal is going for a video replay.
9:07 of 2nd period - The goal is refused. The referee deems the play has been stopped, even if he had not physically had the opportunity to stop play by blowing his whistle..
9:08 of 2nd period - Shane Pinto wins face-off versus Anze Kopitar in Washington Capitals zone.
9:08 of 2nd period - Shane Pinto is hit by Anze Kopitar.
9:16 of 2nd period - Wrist shot by Alex Ovechkin.
9:16 of 2nd period - Shot Blocked by Ben Chiarot.
9:18 of 2nd period - Snap shot by Alex Ovechkin.
9:18 of 2nd period - Stopped by Darcy Kuemper with a rebound.
9:25 of 2nd period - Minor Penalty to Ben Chiarot for Hooking.
9:26 of 2nd period - Anze Kopitar wins face-off versus Shane Pinto in Tampa Bay Lightning zone.
9:42 of 2nd period - Snap shot by Alex Ovechkin.
9:42 of 2nd period - Shot Misses the Net.
9:58 of 2nd period - Hampus Lindholm is hit by Drake Batherson and loses puck.
10:21 of 2nd period - Darnell Nurse is hit by Alex Ovechkin and loses puck.
11:00 of 2nd period - Tyler Myers is hit by Trevor Moore.
11:25 of 2nd period - Penalty to Ben Chiarot is over, Ben Chiarot is back on ice.
11:30 of 2nd period - Moritz Seider is hit by Stefan Noesen and loses puck.
11:45 of 2nd period - Backhand shot by Claude Giroux.
11:45 of 2nd period - Stopped by Jake Oettinger with a rebound.
14:11 of 2nd period - Lars Eller is hit by Kirill Kaprizov and loses puck.
14:30 of 2nd period - Nikita Zadorov is hit by Moritz Seider and loses puck.
14:47 of 2nd period - Lars Eller is hit by Vincent Desharnais.
15:07 of 2nd period - Vincent Desharnais is hit by Frederick Gaudreau and loses puck.
16:00 of 2nd period - Drake Batherson is hit by Jonathan Huberdeau and loses puck.
16:11 of 2nd period - Drake Batherson is hit by Roope Hintz and loses puck.
16:30 of 2nd period - Tyler Myers is hit by Dylan Cozens and loses puck.
16:47 of 2nd period - Backhand shot by Sean Kuraly.
16:47 of 2nd period - Shot Misses the Net.
16:49 of 2nd period - Snap shot by Sean Kuraly.
16:49 of 2nd period - Stopped by Darcy Kuemper with a rebound.
16:51 of 2nd period - Slapshot by Drake Batherson.
16:51 of 2nd period - Shot Misses the Net.
17:35 of 2nd period - Snap shot by Lars Eller.
17:35 of 2nd period - Shot Misses the Net.
17:37 of 2nd period - Slapshot by Tyler Myers.
17:37 of 2nd period - Deflect By Drake Batherson.
17:37 of 2nd period - Shot Blocked by Moritz Seider.
17:37 of 2nd period - Puck is out of play.
17:38 of 2nd period - Shane Pinto wins face-off versus Jamie Benn in Tampa Bay Lightning zone.
17:39 of 2nd period - Snap shot by Alex Ovechkin.
17:39 of 2nd period - Deflect By Tom Wilson.
17:39 of 2nd period - Shot Misses the Net.
17:39 of 2nd period - Puck is out of play.
17:40 of 2nd period - Jamie Benn wins face-off versus Shane Pinto in Tampa Bay Lightning zone.
17:42 of 2nd period - Tom Wilson and Darnell Nurse fight to a draw.
17:42 of 2nd period - Penalty to Tom Wilson for Fighting.
17:42 of 2nd period - Penalty to Darnell Nurse for Fighting.
17:42 of 2nd period - Penalty to Darnell Nurse for instigated a fight.
17:42 of 2nd period - Penalty to Darnell Nurse for instigated a fight.
17:43 of 2nd period - Shane Pinto wins face-off versus Anze Kopitar in neutral zone.
18:08 of 2nd period - Nick Foligno is hit by Jamie Benn and loses puck.
19:42 of 2nd period - Penalty to Darnell Nurse is over, Dylan Cozens is send on ice.
Goals for this period are 1 for Tampa Bay Lightning vs 0 for Washington Capitals.
Shots for this period are 8 for Tampa Bay Lightning vs 3 for Washington Capitals.

3rd period


0:01 of 3rd period - Jamie Benn wins face-off versus Shane Pinto in neutral zone.
0:38 of 3rd period - Claude Giroux is hit by Nick Foligno and loses puck.
0:43 of 3rd period - Snap shot by Tomas Hertl.
0:43 of 3rd period - Stopped by Darcy Kuemper with a rebound.
1:30 of 3rd period - Snap shot by Alex Ovechkin.
1:30 of 3rd period - Stopped by Darcy Kuemper with a rebound.
1:37 of 3rd period - Icing by Vincent Desharnais.
1:38 of 3rd period - Tomas Hertl wins face-off versus Jason Dickinson in Tampa Bay Lightning zone.
1:47 of 3rd period - Wrist shot by Tomas Hertl.
1:47 of 3rd period - Shot Misses the Net.
1:49 of 3rd period - Snap shot by Nick Foligno.
1:49 of 3rd period - Stopped by Darcy Kuemper without a rebound.
1:50 of 3rd period - Marco Rossi wins face-off versus Jamie Benn in Tampa Bay Lightning zone.
1:53 of 3rd period - Wrist shot by Marco Rossi.
1:53 of 3rd period - Stopped by Darcy Kuemper without a rebound.
1:54 of 3rd period - Frederick Gaudreau wins face-off versus Jamie Benn in Tampa Bay Lightning zone.
2:01 of 3rd period - Wrist shot by Marco Rossi.
2:01 of 3rd period - Shot Misses the Net.
2:03 of 3rd period - Snap shot by John Carlson.
2:03 of 3rd period - Stopped by Darcy Kuemper with a rebound.
2:05 of 3rd period - Wrist shot by Frederick Gaudreau.
2:05 of 3rd period - Shot Misses the Net.
2:07 of 3rd period - Wrist shot by Stefan Noesen.
2:07 of 3rd period - Stopped by Darcy Kuemper without a rebound.
2:08 of 3rd period - Anze Kopitar wins face-off versus Shane Pinto in Tampa Bay Lightning zone.
2:25 of 3rd period - Snap shot by Travis Konecny.
2:25 of 3rd period - Shot Blocked by John Carlson.
2:37 of 3rd period - Wrist shot by Marco Rossi.
2:37 of 3rd period - Deflect By Frederick Gaudreau.
2:37 of 3rd period - Stopped by Darcy Kuemper with a rebound.
2:43 of 3rd period - Snap shot by Frederick Gaudreau.
2:43 of 3rd period - Stopped by Darcy Kuemper with a rebound.
2:45 of 3rd period - Wrist shot by Marco Rossi.
2:45 of 3rd period - Stopped by Darcy Kuemper with a rebound.
3:07 of 3rd period - Slapshot by Roope Hintz.
3:07 of 3rd period - Shot Misses the Net.
3:09 of 3rd period - Snap shot by Dylan Cozens.
3:09 of 3rd period - Stopped by Jake Oettinger with a rebound.
3:24 of 3rd period - Off-side.
3:25 of 3rd period - Jamie Benn wins face-off versus Marco Rossi in neutral zone.
3:46 of 3rd period - Minor Penalty to Tyler Myers for Hooking.
3:47 of 3rd period - Shane Pinto wins face-off versus Roope Hintz in Washington Capitals zone.
3:58 of 3rd period - Slapshot by Hampus Lindholm.
3:58 of 3rd period - Goal by Hampus Lindholm - Tampa Bay Lightning : 2 - Washington Capitals : 0.
3:59 of 3rd period - Tomas Hertl wins face-off versus Anze Kopitar in neutral zone.
4:03 of 3rd period - Off-side.
4:04 of 3rd period - Jason Robertson wins face-off versus Anze Kopitar in neutral zone.
4:28 of 3rd period - Icing by Michael Matheson.
4:29 of 3rd period - Anze Kopitar wins face-off versus Tom Wilson in Tampa Bay Lightning zone.
4:40 of 3rd period - Slapshot by Jamie Benn.
4:40 of 3rd period - Shot Misses the Net.
4:42 of 3rd period - Slapshot by Moritz Seider.
4:42 of 3rd period - Shot Hit the Post.
4:44 of 3rd period - Snap shot by Kirill Kaprizov.
4:44 of 3rd period - Shot Blocked by Tom Wilson.
4:46 of 3rd period - Slapshot by Michael Matheson.
4:46 of 3rd period - Shot Blocked by Nikita Zadorov.
5:46 of 3rd period - Snap shot by Kirill Kaprizov.
5:46 of 3rd period - Shot Blocked by Jamie Oleksiak.
5:52 of 3rd period - Minor Penalty to John Carlson for Hooking.
5:53 of 3rd period - Shane Pinto wins face-off versus Anze Kopitar in Washington Capitals zone.
6:34 of 3rd period - Snap shot by Roope Hintz.
6:34 of 3rd period - Shot Misses the Net.
7:10 of 3rd period - Nick Jensen is hit by Filip Forsberg and loses puck.
7:52 of 3rd period - Penalty to John Carlson is over, John Carlson is back on ice.
8:02 of 3rd period - Wrist shot by Sean Kuraly.
8:02 of 3rd period - Shot Misses the Net.
8:04 of 3rd period - Wrist shot by Lars Eller.
8:04 of 3rd period - Stopped by Darcy Kuemper without a rebound.
8:05 of 3rd period - Jason Dickinson wins face-off versus Lars Eller in Tampa Bay Lightning zone.
8:14 of 3rd period - Snap shot by Justin Brazeau.
8:14 of 3rd period - Stopped by Jake Oettinger without a rebound.
8:15 of 3rd period - Jamie Benn wins face-off versus Stefan Noesen in Washington Capitals zone.
8:25 of 3rd period - Marco Rossi and Vincent Desharnais fight to a draw.
8:25 of 3rd period - Penalty to Marco Rossi for Fighting.
8:25 of 3rd period - Penalty to Vincent Desharnais for Fighting.
8:26 of 3rd period - Shane Pinto wins face-off versus Jonathan Huberdeau in Washington Capitals zone.
8:59 of 3rd period - Slapshot by Kirill Kaprizov.
8:59 of 3rd period - Stopped by Jake Oettinger with a rebound.
9:01 of 3rd period - Snap shot by Kirill Kaprizov.
9:01 of 3rd period - Stopped by Jake Oettinger with a rebound.
9:03 of 3rd period - Wrist shot by Claude Giroux.
9:03 of 3rd period - Stopped by Jake Oettinger with a rebound.
9:05 of 3rd period - Snap shot by Claude Giroux.
9:05 of 3rd period - Shot Misses the Net.
9:07 of 3rd period - Slapshot by Kirill Kaprizov.
9:07 of 3rd period - Stopped by Jake Oettinger without a rebound.
9:08 of 3rd period - Sean Kuraly wins face-off versus Roope Hintz in Washington Capitals zone.
9:23 of 3rd period - Slapshot by Stefan Noesen.
9:23 of 3rd period - Shot Misses the Net.
10:01 of 3rd period - Slapshot by Jason Robertson.
10:01 of 3rd period - Stopped by Darcy Kuemper without a rebound.
10:02 of 3rd period - Sean Kuraly wins face-off versus Anze Kopitar in Tampa Bay Lightning zone.
10:33 of 3rd period - Jason Robertson is hit by Claude Giroux and loses puck.
10:48 of 3rd period - Shane Pinto is hit by Roope Hintz.
11:08 of 3rd period - Alex Ovechkin is hit by Jonathan Huberdeau and loses puck.
11:35 of 3rd period - Wrist shot by Stefan Noesen.
11:35 of 3rd period - Shot Misses the Net.
11:37 of 3rd period - Slapshot by Jamie Oleksiak.
11:37 of 3rd period - Stopped by Darcy Kuemper with a rebound.
11:39 of 3rd period - Snap shot by Frederick Gaudreau.
11:39 of 3rd period - Shot Blocked by Trevor Moore.
11:57 of 3rd period - Snap shot by Kirill Kaprizov.
11:57 of 3rd period - Stopped by Jake Oettinger without a rebound.
11:58 of 3rd period - Sean Kuraly wins face-off versus Roope Hintz in Washington Capitals zone.
12:00 of 3rd period - Minor Penalty to Stefan Noesen for Cross-checking.
12:01 of 3rd period - Anze Kopitar wins face-off versus Shane Pinto in Washington Capitals zone.
12:13 of 3rd period - Snap shot by Michael Matheson.
12:13 of 3rd period - Shot Misses the Net.
12:15 of 3rd period - Slapshot by Claude Giroux.
12:15 of 3rd period - Goal by Claude Giroux - Tampa Bay Lightning : 3 - Washington Capitals : 0.
12:16 of 3rd period - Roope Hintz wins face-off versus Nick Foligno in neutral zone.
12:19 of 3rd period - Jason Robertson is hit by Dylan Cozens and loses puck.
12:26 of 3rd period - Snap shot by Dylan Cozens.
12:26 of 3rd period - Stopped by Jake Oettinger without a rebound.
12:27 of 3rd period - Sean Kuraly wins face-off versus Anze Kopitar in Washington Capitals zone.
12:32 of 3rd period - Moritz Seider is hit by Stefan Noesen and loses puck.
12:42 of 3rd period - 10 Minutes Misconduct Penalty to Darnell Nurse is over.
12:53 of 3rd period - Nick Jensen is hit by Claude Giroux and loses puck.
13:19 of 3rd period - Dylan Cozens is hit by Alex Ovechkin and loses puck.
13:30 of 3rd period - Minor Penalty to Tyler Myers for Slashing.
13:31 of 3rd period - Roope Hintz wins face-off versus Shane Pinto in Washington Capitals zone.
14:20 of 3rd period - Slapshot by Frederick Gaudreau.
14:20 of 3rd period - Stopped by Darcy Kuemper with a rebound.
15:30 of 3rd period - Penalty to Tyler Myers is over, Tyler Myers is back on ice.
15:39 of 3rd period - Wrist shot by Lars Eller.
15:39 of 3rd period - Goal by Lars Eller - Tampa Bay Lightning : 3 - Washington Capitals : 1.
15:40 of 3rd period - Frederick Gaudreau wins face-off versus Jamie Benn in neutral zone.
16:07 of 3rd period - Jason Robertson is hit by Travis Konecny and loses puck.
16:32 of 3rd period - Tom Wilson is hit by Moritz Seider and loses puck.
16:39 of 3rd period - Wrist shot by Justin Brazeau.
16:39 of 3rd period - Shot Misses the Net.
16:41 of 3rd period - Slapshot by Moritz Seider.
16:41 of 3rd period - Deflect By Trevor Moore.
16:41 of 3rd period - Stopped by Jake Oettinger without a rebound.
16:42 of 3rd period - Marco Rossi wins face-off versus Jamie Benn in Washington Capitals zone.
17:12 of 3rd period - Snap shot by Jason Robertson.
17:12 of 3rd period - Shot Blocked by Darnell Nurse.
17:14 of 3rd period - Wrist shot by Nick Foligno.
17:14 of 3rd period - Stopped by Darcy Kuemper with a rebound.
17:30 of 3rd period - Snap shot by Anze Kopitar.
17:30 of 3rd period - Stopped by Jake Oettinger with a rebound.
18:32 of 3rd period - Icing by Sean Kuraly.
18:33 of 3rd period - Roope Hintz wins face-off versus Lars Eller in Washington Capitals zone.
19:04 of 3rd period - Wrist shot by Marco Rossi.
19:04 of 3rd period - Shot Blocked by Hampus Lindholm.
19:06 of 3rd period - Snap shot by Marco Rossi.
19:06 of 3rd period - Stopped by Darcy Kuemper without a rebound.
19:07 of 3rd period - Marco Rossi wins face-off versus Jamie Benn in Tampa Bay Lightning zone.
19:10 of 3rd period - Wrist shot by Frederick Gaudreau.
19:10 of 3rd period - Deflect By Claude Giroux.
19:10 of 3rd period - Shot Misses the Net.
19:10 of 3rd period - Puck is out of play.
19:11 of 3rd period - Jamie Benn wins face-off versus Marco Rossi in Tampa Bay Lightning zone.
19:27 of 3rd period - Backhand shot by Stefan Noesen.
19:27 of 3rd period - Stopped by Darcy Kuemper without a rebound.
19:28 of 3rd period - Shane Pinto wins face-off versus Anze Kopitar in Tampa Bay Lightning zone.
19:44 of 3rd period - Snap shot by Anze Kopitar.
19:44 of 3rd period - Stopped by Jake Oettinger with a rebound.
Goals for this period are 2 for Tampa Bay Lightning vs 1 for Washington Capitals.
Shots for this period are 13 for Tampa Bay Lightning vs 17 for Washington Capitals.